 Dungeon Crawl Stone Soup version 0.29.1-2-gbd0b4ee654 (webtiles) character file.

Game seed: 6698014922639112291

948 unlimited1921 the Magician (level 8, -3/50 HPs)
             Began as a Djinni Fire Elementalist on Nov 16, 2022.
             Was an Initiate of Gozag.
             Slain by a yak (5 damage)
             ... on level 6 of the Dungeon.
             The game lasted 00:21:39 (10189 turns).

unlimited1921 the Magician (DjFE)                  Turns: 10189, Time: 00:21:40

Health: -3/50      AC:  7    Str:  7    XL:     8   Next: 35%
Gold:   385        EV: 12    Int: 18    God:    Gozag SH:  0 Dex: 15

rFire   + + +      SeeInvis .   r - +4 quarterstaff (chaos)
rCold   x x .      Faith    .   (shield currently unavailable)
rNeg    . . .      Spirit   .   x - +2 robe {Will+}
rPois   ∞          Reflect  .   f - +0 helmet
rElec   .          Harm     .   s - +1 cloak {rPois}
rCorr   .          Rampage  .   (no gloves)
Will    ++...                   (boots unavailable)
Stlth   ++........              (no amulet)
HPRegen 0.16/turn               d - ring of fire
MPRegen 0.00/turn               o - ring of willpower

@: flying, very slightly contaminated
A: sickness immunity, fire resistance 2, cold vulnerability 1, float, innate
caster, HP casting, extra vitality 1
a: Renounce Religion, Potion Petition, Call Merchant, Bribe Branch


You were on level 6 of the Dungeon.
You worshipped Gozag.
Gozag was aware of your devotion.
You visited 1 branch of the dungeon, and saw 6 of its levels.

You collected 472 gold pieces.
You paid 87 gold pieces to Gozag.

Inventory:

Hand Weapons
 c - a +3 dagger of protection
 n - a +0 rapier
 r - a +4 quarterstaff of chaos (weapon)
 y - a +0 falchion
Missiles
 k - 5 javelins
 m - 4 boomerangs
 G - a throwing net
Armour
 b - a +0 buckler
 f - a +0 helmet (worn)
 s - a +1 cloak of poison resistance (worn)
 w - the +0 ring mail "Earthly Heaven" {*Corrode Str+5 Dex+2}
   (You found it on level 4 of the Dungeon)

   Str:       It affects your strength (+5).
   Dex:       It affects your dexterity (+2).
   *Corrode:  It may corrode you when you take damage.
 x - a +2 robe of willpower (worn)
 E - a +0 crystal plate armour
Jewellery
 d - a ring of fire (left hand)
 o - a ring of willpower (right hand)
Wands
 q - a wand of digging (8)
Scrolls
 a - a scroll of torment {unknown}
 g - 2 scrolls of poison {unknown}
 h - a scroll of enchant armour {unknown}
 i - 4 scrolls of fear {unknown}
 j - a scroll of blinking {unknown}
 p - 4 scrolls of identify {unknown}
 t - a scroll of fog {unknown}
 A - 2 scrolls of amnesia {unknown}
 B - a scroll of enchant weapon {unknown}
 C - a scroll of teleportation {unknown}
Potions
 e - 2 potions of curing {unknown}
 l - a potion of heal wounds {unknown}
 u - a potion of berserk rage {unknown}
 v - a potion of degeneration {unknown}
 z - a potion of flight {unknown}
 D - a potion of attraction {unknown}
 F - a potion of lignification {unknown}


   Skills:
 + Level 0.2 Fighting
 + Level 2.6 Dodging
 + Level 3.0 Stealth
 + Level 6.9 Spellcasting


You had one spell level left.
You knew the following spells:

 Your Spells              Type           Power      Damage    Failure   Level
a - Foxfire               Conj/Fire      100%       2x1d9     1%          1
b - Scorch                Fire           92%        2d9       1%          2
c - Conjure Flame         Conj/Fire      46%        6-21      1%          3
d - Inner Flame           Hex/Fire       46%        N/A       1%          3
e - Flame Wave            Conj/Fire      46%        2d12      6%          4
f - Magic Dart            Conj           100%       1d8       1%          1
g - Poisonous Vapours     Pois/Air       62%        N/A       1%          2
h - Gell's Gravitas       Tloc           31%        N/A       1%          3
Your spell library was empty.

Dungeon Overview and Level Annotations

Branches:
Dungeon (6/15)
 Temple: D:4-7

Altars:
Gozag
Makhleb
Trog

Shops:
D:3 (   D:4 :


Innate Abilities, Weirdness & Mutations

You are immune to sickness and miasma.
You are immune to poison.
Your flesh is very heat resistant. (rF++)
You are vulnerable to cold. (rC-)
You float through the air rather than walking.
You learn spells naturally, not from books.
Your magical power is your life essence.
You have superior vitality. (+4 MHP)


Message History

The yak is moderately wounded.
The flame wave engulfs the yak!
The yak is heavily wounded.
The flame wave engulfs the yak.
The yak is lightly wounded. (Press . to intensify the flame waves.)
The yak closely misses you. The yak gores you. x2
The black bear completely misses you. The black bear closely misses you.
The black bear claws you but does no damage.
Casting: Flame Wave (dangerous; 6% risk of failure)
Confirm with . or Enter, or press ? or * to list all spells.
Restarting spell: Flame Wave (dangerous; 6% risk of failure)
Press: ? - help, Dir - look around, f - activate You feel a surge of power!
A wave of flame ripples out!
The flame wave engulfs the black bear!
The black bear is almost dead.
The flame wave engulfs the yak!
The yak is severely wounded.
The flame wave engulfs the yak!
The yak is severely wounded.
The flame wave engulfs the yak!
The yak is moderately wounded. (Press . to intensify the flame waves.)
The yak gores you! The yak gores you. x2
* * * LOW HITPOINT WARNING * * *
The black bear goes berserk!
Casting: Flame Wave (dangerous; 6% risk of failure)
Confirm with . or Enter, or press ? or * to list all spells.
Restarting spell: Flame Wave (dangerous; 6% risk of failure)
Press: ? - help, Dir - look around, f - activate You feel a surge of power!
You miscast Flame Wave.
You are very lightly contaminated with residual magic.
Nothing appears to happen.
* * * LOW HITPOINT WARNING * * *
The black bear bites you.
* * * LOW HITPOINT WARNING * * *
The black bear completely misses you. The black bear barely misses you.
The yak gores you.
You die...
Your body crumbles into a pile of gold.

..##.. .......
...... ##.......
....###.)......
#.............
#÷...........
##............
##.............
####.....Y@Y......
##........hY.......
#..................
#..................
#..................
#..................
#.....[.........^..
#..................
#............


You could see 3 yaks and a black bear (berserk).

Vanquished Creatures
  Sigmund (D:5)
  2 black bears
  An ogre (D:4)
  2 scorpions (D:5)
  A howler monkey (D:5)
  Crazy Yiuf (D:5)
  2 orc priests
  3 hounds
  3 iguanas (D:5)
  2 adders (D:4)
  A shadow imp (D:5)
  2 ufetubi (D:5)
  A worm (D:5)
  2 dart slugs (D:1)
  9 orcs
  4 ball pythons
  8 endoplasms
  2 giant cockroaches
  13 goblins
  7 hobgoblins
  2 jackals (D:3)
  2 quokkas
  4 bats
  5 frilled lizards
  7 kobolds
  2 rats
89 creatures vanquished.

Vanquished Creatures (others)
  211 foxfires
211 creatures vanquished.

Grand Total: 300 creatures vanquished

Notes
Turn   | Place    | Note
-------+----------+-------------------------------------------
     0 | D:1      | unlimited1921 the Djinni Fire Elementalist began the quest
                  | for the Orb.
     0 | D:1      | unlimited1921 set off with the following spells memorised:
                  | Foxfire, Scorch, Conjure Flame, Inner Flame, Flame Wave.
     0 | D:1      | Reached XP level 1. HP: 15/15 MP: 0/0
   560 | D:1      | Reached XP level 2. HP: 16/21 MP: 0/0
  1914 | D:1      | Reached skill level 3 in Spellcasting
  2113 | D:1      | Reached XP level 3. HP: 21/25 MP: 0/0
  2113 | D:1      | Learned a level 1 spell: Magic Dart
  3120 | D:2      | Found a bloodstained altar of Trog.
  4076 | D:2      | Found a faded altar of an unknown god.
  5017 | D:3      | Found Olut's Weapon Boutique.
  5921 | D:3      | You are sucked into a shaft and drop 3 floors!
  5937 | D:6      | Reached XP level 4. HP: 28/31 MP: 0/0
  5960 | D:6      | Noticed a black bear
  5964 | D:6      | Noticed a yak
  5964 | D:6      | Noticed a yak
  5964 | D:6      | Noticed a yak
  5966 | D:5      | Entered Level 5 of the Dungeon
  5976 | D:5      | Reached XP level 5. HP: 26/35 MP: 0/0
  5976 | D:5      | Learned a level 2 spell: Poisonous Vapours
  6146 | D:5      | Found a burning altar of Makhleb.
  6149 | D:5      | Reached skill level 4 in Spellcasting
  6398 | D:5      | Reached XP level 6. HP: 23/40 MP: 0/0
  6633 | D:5      | Found a runed translucent door.
  6634 | D:5      | Noticed Crazy Yiuf
  6640 | D:5      | Killed Crazy Yiuf
  6856 | D:5      | Reached skill level 5 in Spellcasting
  6925 | D:5      | Noticed Sigmund
  6934 | D:5      | Killed Sigmund
  6935 | D:5      | Reached XP level 7. HP: 30/45 MP: 0/0
  6935 | D:5      | Learned a level 3 spell: Gell's Gravitas
  7551 | D:5      | Reached skill level 6 in Spellcasting
  7767 | D:4      | Identified the +0 ring mail "Earthly Heaven" {*Corrode
                  | Str+5 Dex+2}
  7844 | D:4      | Found Heileryrph's Book Shop.
  7879 | D:4      | Found an opulent altar of Gozag.
  7956 | D:4      | Became a worshipper of Gozag Ym Sagoz the Greedy
  8045 | D:4      | Reached XP level 8. HP: 19/50 MP: 0/0
 10189 | D:6      | HP: 2/50 [black bear (4)]
 10189 | D:6      | Slain by a yak

Illustrated notes

Levels and vault maps discovered:
D:1:      minmay_arrival_up_and_down, layout_loops_ring
D:2:      layout_loops_ring, basic_altar, basic_ecumenical_altar
D:3:      layout_basic, serial_shops, nicolae_shop_behind_doors
D:4:      layout_loops_ring, nicolae_gozag_cash_rules_everything_around_me,
          nicolae_stop_n_shop_2, grunt_ministairs_12, minmay_ogre_servants
D:5:      layout_loops_ring, mainiacjoe_overflow_six_doors_small, uniq_sigmund,
          uniq_crazy_yiuf_cottage
D:6:      layout_layer_cave, lemuel_round_altar, minmay_temple_entry_overgrown

Skill      XL: |  1  2  3  4  5  6  7  8 |
---------------+-------------------------+-----
Spellcasting   | 3 4 5 6 |  6.9
Stealth        | 2 3 |  3.0
Fighting       | |  0.2
Dodging        | |  2.6

Action                   |  1- 3 |  4- 6 |  7- 9 || total
-------------------------+-------+-------+-------++-------
 Cast: Foxfire           |   123 |     6 |     3 ||   132
       Scorch            |     3 |    18 |    10 ||    31
       Poisonous Vapours |       |    17 |    37 ||    54
       Magic Dart        |       |     1 |     1 ||     2
       Inner Flame       |       |       |    14 ||    14
       Conjure Flame     |       |       |     4 ||     4
       Flame Wave        |       |       |     2 ||     2
Armor: Robe              |     1 |     1 |     7 ||     9
Dodge: Dodged            |     2 |     4 |    18 ||    24
